[Event "World Team-ch Women 2019"]
[Site "Astana"]
[Date "2019.03.08"]
[Round "4.17"]
[White "Wafa, Shahenda"]
[Black "Gara, Anita"]
[Result "1-0"]
[ECO "B32"]
[WhiteElo "2175"]
[BlackElo "2384"]
[Annotator "RC"]
[PlyCount "103"]
[EventDate "2019.02.05"]
[EventType "team-tourn"]
[EventCountry "KAZ"]
[SourceTitle "playchess.com"]
[Source "ChessBase"]
[SourceQuality "1"]
[WhiteTeam "Egypt"]
[BlackTeam "Hungary"]
[WhiteTeamCountry "EGY"]
[BlackTeamCountry "HUN"]
[TimeControl "40/5400+30:1800+30"]

1. e4 c5 2. Nf3 Nc6 3. d4 cxd4 4. Nxd4 Qb6 5. Nb3 Nf6 6. Nc3 e6 7. Be3 Qc7 8. a3 Be7 9. f4 O-O 10. e5 Nd5 11. Nxd5 exd5 12. Bd3 d6 13. exd6 Qxd6 14. O-O d4 15. Bf2 g6 16. f5 Bf6 17. Qd2 Be5 18. Bg3 Bxg3 19. hxg3 Ne5 20. Qf4 Re8 21. Rae1 Bd7 22. Nd2 gxf5 23. Bxf5 Bc6 24. Ne4 Bxe4 25. Rxe4 Rad8 26. Rfe1 f6 27. g4 Qf8 28. g5 Nc6 29. gxf6 Rxe4 30. Rxe4 Qxf6 31. Bxh7+ Kg7 32. Qg3+ Kxh7 33. Rh4+ Qxh4 34. Qxh4+ Kg7 35. Qf4 Rf8 36. Qg4+ Kf6 37. b4 a6 38. a4 Rf7 39. b5 axb5 40. axb5 Ne5 41. Qxd4 Rd7 42. Qf4+ Ke6 43. c4 Rc7 44. Qh6+ Kf5 45. c5 Ke4 46. Qb6 Rf7 47. c6 bxc6 48. bxc6 Rf6 49. Qb4+ Kd5 50. c7 Rc6 51. Qb5+ Kd6 52. Qxc6+ {[%emt 0:00:10] Kd5} 1-0

[Event "World Team-ch Women 2019"]
[Site "Astana"]
[Date "2019.03.08"]
[Round "4.18"]
[White "Gara, Ticia"]
[Black "Wafa, Shahenda"]
[Result "1-0"]
[ECO "B31"]
[WhiteElo "2324"]
[BlackElo "2175"]
[Annotator "RC"]
[PlyCount "97"]
[EventDate "2019.02.05"]
[EventType "team-tourn"]
[EventCountry "KAZ"]
[SourceTitle "playchess.com"]
[Source "ChessBase"]
[SourceQuality "1"]
[WhiteTeam "Hungary"]
[BlackTeam "Egypt"]
[WhiteTeamCountry "HUN"]
[BlackTeamCountry "EGY"]
[TimeControl "40/5400+30:1800+30"]

1. e4 c5 2. Nf3 Nc6 3. Bb5 g6 4. Bxc6 dxc6 5. d3 Bg7 6. h3 b6 7. a4 a5 8. Nbd2 Qc7 9. O-O Nf6 10. Nc4 Ba6 11. Re1 Rd8 12. Qe2 O-O 13. e5 Nd5 14. e6 Bxc4 15. dxc4 Nf4 16. exf7+ Rxf7 17. Qe4 Rdf8 18. Bxf4 Rxf4 19. Qe6+ Kh8 20. Rad1 Bd4 21. Nxd4 cxd4 22. Qxe7 Qxe7 23. Rxe7 c5 24. f3 R8f7 25. Rde1 Rxe7 26. Rxe7 Rf6 27. Kf2 Kg8 28. Kg3 Rd6 29. Kf4 d3 30. cxd3 Rxd3 31. Ke5 Rd2 32. Kf6 h5 33. g4 hxg4 34. hxg4 Rxb2 35. Kxg6 Kf8 36. Rb7 Rb4 37. Kf6 Ke8 38. Ke6 Kf8 39. Kd5 Rxa4 40. Rxb6 Ra3 41. f4 Rf3 42. Ke5 Rc3 43. Ra6 Rxc4 44. Rxa5 Rc1 45. Kf6 Ke8 46. g5 c4 47. g6 Rd1 48. Re5+ Kd7 49. g7 1-0

[Event "World Team-ch Women 2019"]
[Site "Astana"]
[Date "2019.03.08"]
[Round "4.19"]
[White "Moaataz, Ayah"]
[Black "Terbe, Julianna"]
[Result "0-1"]
[ECO "A15"]
[WhiteElo "2036"]
[BlackElo "2306"]
[Annotator "RC"]
[PlyCount "120"]
[EventDate "2019.02.05"]
[EventType "team-tourn"]
[EventCountry "KAZ"]
[SourceTitle "playchess.com"]
[Source "ChessBase"]
[SourceQuality "1"]
[WhiteTeam "Egypt"]
[BlackTeam "Hungary"]
[WhiteTeamCountry "EGY"]
[BlackTeamCountry "HUN"]
[TimeControl "40/5400+30:1800+30"]

1. c4 Nf6 2. g3 c6 3. Bg2 d5 4. Nf3 dxc4 5. Qc2 b5 6. b3 cxb3 7. axb3 Bb7 8. Ba3 Nbd7 9. d4 Qa5+ 10. b4 Qb6 11. Nbd2 e6 12. Nb3 Be7 13. O-O O-O 14. Rfc1 Rac8 15. e4 Rfd8 16. Nc5 Qc7 17. Nxb7 Qxb7 18. Bf1 Qb8 19. Bd3 g6 20. Qb3 Nb6 21. Rc2 Nfd7 22. Rac1 Qb7 23. Bb2 a6 24. h4 Bf6 25. Re1 Re8 26. e5 Be7 27. Bc1 Nd5 28. Bd2 N7b6 29. Kg2 h5 30. Rb2 Bf8 31. Ra1 Ne7 32. Ng5 Nbd5 33. Rba2 c5 34. Be4 cxd4 35. Rxa6 Ra8 36. R6a5 Nf5 37. Bxd5 exd5 38. f4 Rxa5 39. bxa5 Ra8 40. a6 Qc6 41. Ra5 Qc4 42. Qxb5 Qxb5 43. Rxb5 Rxa6 44. Kf2 Ra2 45. Nf3 Rc2 46. Rxd5 Bb4 47. Ke2 Bxd2 48. Nxd2 Rc3 49. Nf1 Nxg3+ 50. Nxg3 Rxg3 51. Rd8+ Kg7 52. Rxd4 Rg4 53. Kf3 Rxh4 54. Kg3 Rg4+ 55. Kf3 g5 56. Re4 Rxf4+ 57. Rxf4 gxf4 58. Kxf4 Kg6 59. Ke4 Kg5 60. Kf3 Kf5 0-1

[Event "World Team-ch Women 2019"]
[Site "Astana"]
[Date "2019.03.08"]
[Round "4.20"]
[White "Havanecz, Bianka"]
[Black "Ehab, Tasneem"]
[Result "1/2-1/2"]
[ECO "E97"]
[WhiteElo "2270"]
[BlackElo "1841"]
[Annotator "NA"]
[PlyCount "128"]
[EventDate "2019.02.05"]
[EventType "team-tourn"]
[EventCountry "KAZ"]
[SourceTitle "playchess.com"]
[Source "ChessBase"]
[SourceQuality "1"]
[WhiteTeam "Hungary"]
[BlackTeam "Egypt"]
[WhiteTeamCountry "HUN"]
[BlackTeamCountry "EGY"]
[TimeControl "40/5400+30:1800+30"]

1. d4 Nf6 2. c4 g6 3. Nf3 Bg7 4. Nc3 O-O 5. e4 d6 6. Be2 e5 7. O-O Nc6 8. dxe5 dxe5 9. Bg5 h6 10. Qxd8 Rxd8 11. Bxf6 {[%emt 0:00:06] E97: King's Indian: Classical Main Line (6...e5 7 0-0 Nc6): 8 Be3 and 8 d5 Ne7, not 9 Ne1} Bxf6 12. Nd5 Bg7 (12... Kg7 13. Nxc7 Rb8 14. h3 Nd4 15. Nxd4 Rxd4 16. Ne8+ {1-0 (16) Swapnil,S (2533)-Zhou,Y (2449) chess.com INT 2018}) 13. Nxc7 Rb8 14. Rad1 Bg4 15. Rxd8+ $146 ({Predecessor:} 15. Nd5 Bxf3 16. Bxf3 f5 17. b4 Kf7 18. Rfe1 Rd7 19. exf5 gxf5 {1-0 (38) Kurz,R-Rocholz,G Germany 1998}) 15... Rxd8 16. Nd5 Bxf3 17. Bxf3 Nd4 18. Rc1 Kf8 19. Kf1 h5 20. Bd1 Rc8 21. Ke1 Ke8 22. b4 Kd8 23. Rc3 Bf8 24. Kd2 a5 25. bxa5 Ra8 26. Bb3 Rxa5 27. Rd3 Bc5 28. f4 exf4 29. Nxf4 Ke7 30. Kc3 Nc6 31. Nd5+ Ke6 32. Rf3 Bd4+ 33. Kd2 Rc5 34. Nf4+ Ke7 35. Rf1 Ne5 36. Rb1 Ra5 37. a4 Kd6 38. Ne2 Bc5 39. Kc3 Ng4 40. Bc2 b6 41. Nd4 Ra6 42. Rf1 Ne3 43. Nb5+ Ke7 44. Ra1 Nxg2 45. e5 Ne3 46. Be4 Ng4 47. e6 fxe6 48. Bxg6 Ra8 49. Bxh5 Nf6 50. Bg6 Rh8 51. Re1 Rh3+ 52. Bd3 Ng4 53. Kc2 Rxh2+ 54. Re2 Rxe2+ 55. Bxe2 Nf6 56. Bf3 e5 57. Kd3 Ke6 58. Nc3 Kd6 59. Nb5+ Ke6 60. Bg2 Kf5 61. Nc3 Ke6 62. Bd5+ Kd6 63. Nb5+ Ke7 64. Nc3 e4+ $11 1/2-1/2

[Event "World Team-ch Women 2019"]
[Site "Astana"]
[Date "2019.03.09"]
[Round "5.3"]
[White "Lei, Tingjie"]
[Black "Gunina, Valentina"]
[Result "1-0"]
[ECO "A40"]
[WhiteElo "2477"]
[BlackElo "2515"]
[Annotator "RC"]
[PlyCount "73"]
[EventDate "2019.02.05"]
[EventType "team-tourn"]
[EventCountry "KAZ"]
[SourceTitle "playchess.com"]
[Source "ChessBase"]
[SourceQuality "1"]
[WhiteTeam "China"]
[BlackTeam "Russia"]
[WhiteTeamCountry "CHN"]
[BlackTeamCountry "RUS"]
[TimeControl "40/5400+30:1800+30"]

1. d4 Nf6 2. c4 e6 3. g3 Bb4+ 4. Bd2 c5 5. Bxb4 cxb4 6. Bg2 O-O 7. e4 d6 8. Ne2 e5 9. O-O Bg4 10. f3 Be6 11. Qd3 Qb6 12. Kh1 a5 13. Nd2 Na6 14. Rfd1 Rac8 15. Rac1 Rfd8 16. Nf1 h6 17. Ne3 Bd7 18. Rd2 a4 19. Rcd1 Qa5 20. b3 b5 21. g4 Nc7 22. h4 Qa7 23. Ng3 bxc4 24. Nxc4 Bb5 25. g5 hxg5 26. hxg5 Nh7 27. g6 fxg6 28. Bh3 Rb8 29. dxe5 dxe5 30. Qe3 Qa8 31. Nxe5 Nf8 32. Qc5 Rxd2 33. Rxd2 Ne8 34. Qe7 Rb6 35. Qf7+ Kh7 36. Rh2 Nf6 37. Bf5+ 1-0

[Event "World Team-ch Women 2019"]
[Site "Astana"]
[Date "2019.03.09"]
[Round "5.5"]
[White "Muzychuk, Mariya"]
[Black "Abdumalik, Zhansaya"]
[Result "1/2-1/2"]
[ECO "D85"]
[WhiteElo "2560"]
[BlackElo "2469"]
[Annotator "RC"]
[PlyCount "73"]
[EventDate "2019.02.05"]
[EventType "team-tourn"]
[EventCountry "KAZ"]
[SourceTitle "playchess.com"]
[Source "ChessBase"]
[SourceQuality "1"]
[WhiteTeam "Ukraine"]
[BlackTeam "Kazakhstan"]
[WhiteTeamCountry "UKR"]
[BlackTeamCountry "KAZ"]
[TimeControl "40/5400+30:1800+30"]

1. d4 Nf6 2. c4 g6 3. Nc3 d5 4. cxd5 Nxd5 5. e4 Nxc3 6. bxc3 Bg7 7. Qa4+ Nd7 8. Nf3 O-O 9. Be2 e5 10. O-O Nb6 11. Qc2 exd4 12. cxd4 Bg4 13. Bb2 Bxf3 14. Bxf3 Bxd4 15. Rfd1 c5 16. Bxd4 cxd4 17. Qb2 Qf6 18. Qxd4 Qxd4 19. Rxd4 Rfd8 20. Rxd8+ Rxd8 21. e5 Re8 22. Bxb7 Rxe5 23. g3 Ra5 24. Bf3 Ra3 25. Bd1 Nd5 26. Bb3 Nb4 27. Bc4 a5 28. Re1 Rc3 29. Re4 Kg7 30. Bb3 Nc6 31. Kg2 g5 32. h4 h6 33. hxg5 hxg5 34. Re8 Nd4 35. Re5 Nxb3 36. axb3 Kg6 37. Rxa5 1/2-1/2

[Event "World Team-ch Women 2019"]
[Site "Astana"]
[Date "2019.03.09"]
[Round "5.10"]
[White "Arabidze, Meri"]
[Black "Gara, Anita"]
[Result "1-0"]
[ECO "D96"]
[WhiteElo "2392"]
[BlackElo "2384"]
[Annotator "NA"]
[PlyCount "117"]
[EventDate "2019.02.05"]
[EventType "team-tourn"]
[EventCountry "KAZ"]
[SourceTitle "playchess.com"]
[Source "ChessBase"]
[SourceQuality "1"]
[WhiteTeam "Georgia"]
[BlackTeam "Hungary"]
[WhiteTeamCountry "GEO"]
[BlackTeamCountry "HUN"]
[TimeControl "40/5400+30:1800+30"]

1. d4 Nf6 2. c4 g6 3. Nc3 d5 4. Nf3 Bg7 5. Qb3 dxc4 6. Qxc4 Be6 7. Qb5+ {[%emt 0:03:24] D96: Grünfeld: Russian System (5 Qb3): sidelines} Bd7 8. Qb3 O-O 9. e4 c5 10. d5 e6 11. dxe6 Bxe6 12. Bc4 Bxc4 $146 ({Predecessor:} 12... Re8 13. O-O Nc6 14. Bxe6 Rxe6 15. Bg5 {½-½ (47) Oms Pallisse,J (2506)-Nielsen,P (2662) Barcelona 2012}) 13. Qxc4 Qb6 14. O-O Qb4 15. Qe2 Nc6 16. Bg5 Rae8 17. Rfe1 h6 {[%emt 0:01:42] [#]} 18. Bxf6 $1 Bxf6 19. Nd5 Qxb2 20. Rab1 Qxe2 21. Nxf6+ Kh8 22. Rxe2 Re7 23. Rd2 b6 24. Rd6 $18 Rc8 25. Rc1 Kg7 26. Nd2 Re6 27. Rxe6 fxe6 28. Ng4 Rd8 29. Nc4 b5 30. Nce5 Nb4 31. f4 c4 32. a3 Na2 33. Rc2 Rd1+ 34. Kf2 Nc1 35. Ne3 Nd3+ 36. Ke2 Ra1 37. Nxd3 cxd3+ 38. Kxd3 Rxa3+ 39. Rc3 Ra1 40. Rc7+ Kf8 41. Rb7 a6 42. Nc2 Rd1+ 43. Ke3 Rg1 44. g3 g5 45. Nd4 Re1+ 46. Kd3 Rd1+ 47. Kc3 b4+ 48. Rxb4 Rc1+ 49. Kd2 Rh1 50. Nxe6+ Ke7 51. Nd4 Rxh2+ 52. Ke3 g4 53. Rb6 a5 54. Ra6 Kf7 55. Rxa5 h5 56. Ra7+ Kg6 57. Ra6+ Kf7 58. Nf5 Rb2 59. e5 1-0

[Event "World Team-ch Women 2019"]
[Site "Astana"]
[Date "2019.03.09"]
[Round "5.12"]
[White "Melia, Salome"]
[Black "Terbe, Julianna"]
[Result "1-0"]
[ECO "B31"]
[WhiteElo "2385"]
[BlackElo "2306"]
[Annotator "NA"]
[PlyCount "93"]
[EventDate "2019.02.05"]
[EventType "team-tourn"]
[EventCountry "KAZ"]
[SourceTitle "playchess.com"]
[Source "ChessBase"]
[SourceQuality "1"]
[WhiteTeam "Georgia"]
[BlackTeam "Hungary"]
[WhiteTeamCountry "GEO"]
[BlackTeamCountry "HUN"]
[TimeControl "40/5400+30:1800+30"]

1. e4 c5 2. Nf3 Nc6 3. Bb5 g6 4. Bxc6 bxc6 5. O-O Bg7 6. Re1 Nh6 7. c3 O-O 8. h3 f5 9. e5 Nf7 10. d3 Ba6 11. c4 d6 12. e6 Ne5 13. Nxe5 dxe5 14. Nc3 Qd6 15. b3 Rfd8 16. Na4 Bc8 $16 (16... e4 $14 17. Be3 exd3) 17. Bb2 Bxe6 18. Qe2 e4 19. Bxg7 Kxg7 20. dxe4 f4 21. e5 Qd2 22. Qf3 Rac8 23. Red1 Qc2 24. Nxc5 Bf5 25. Rxd8 Rxd8 26. Qxf4 Qb2 27. Re1 Rf8 28. Qe3 Qxa2 29. Qd4 Qa5 30. Rd1 Kg8 31. g4 Bc2 32. Ra1 Qb4 33. Kg2 a5 34. Qe3 Rb8 35. Na6 Qxb3 36. Nxb8 Qxb8 37. Rxa5 Bb3 38. Ra7 Bxc4 39. Rxe7 Bd5+ 40. Kg3 Qb1 41. f3 h6 42. h4 Qd1 43. Rd7 Qb1 44. Rd8+ Kg7 45. e6 Bxe6 46. Qe5+ Kf7 47. Qc7+ 1-0

[Event "World Team-ch Women 2019"]
[Site "Astana"]
[Date "2019.03.09"]
[Round "5.13"]
[White "Soumya, Swaminathan"]
[Black "Wafa, Shahenda"]
[Result "1-0"]
[ECO "B67"]
[WhiteElo "2401"]
[BlackElo "2175"]
[Annotator "NA"]
[PlyCount "69"]
[EventDate "2019.02.05"]
[EventType "team-tourn"]
[EventCountry "KAZ"]
[SourceTitle "playchess.com"]
[Source "ChessBase"]
[SourceQuality "1"]
[WhiteTeam "India"]
[BlackTeam "Egypt"]
[WhiteTeamCountry "IND"]
[BlackTeamCountry "EGY"]
[TimeControl "40/5400+30:1800+30"]

1. e4 c5 2. Nf3 Nc6 3. d4 cxd4 4. Nxd4 Nf6 5. Nc3 d6 6. Bg5 e6 7. Qd2 a6 8. O-O-O Bd7 9. f3 b5 10. Nxc6 Bxc6 11. Kb1 {[%emt 0:00:09] B67: Sicilian: Richter-Rauzer: 7...a6 8 0-0-0 Bd7, lines without 9 f4 Be7} Rc8 12. h4 h6 13. Be3 b4 $146 ({Predecessor:} 13... h5 14. Bf4 d5 15. e5 Nd7 16. Ne2 Qc7 17. Nd4 Bb7 18. Bd3 {1-0 (45) Sjugirov,S (2664)-Tissir,M (2351) Abu Dhabi 2015}) 14. Ne2 ({Inferior is} 14. Bxa6 bxc3 15. Qxc3 {[#]} Bb7 $1 $17 ) 14... d5 15. Nd4 Bb7 16. e5 Nd7 17. f4 h5 {[%emt 0:08:23] [#]} 18. Bd3 $1 Qc7 19. f5 exf5 20. e6 Ne5 (20... Nc5 $142 21. Bxf5 Ne4) 21. Bxf5 f6 {[%emt 0:02:04] [#]} 22. e7 $1 Qxe7 23. Bxc8 Bxc8 24. Bf4 Nc4 25. Qd3 Kf7 26. Nc6 $18 Qd7 27. Qxd5+ Qxd5 28. Rxd5 g6 29. Re1 Rh7 30. Rd8 Bf5 31. Rb8 g5 32. hxg5 fxg5 33. Bxg5 Bg7 34. Rxb4 Nd6 35. Bf4 1-0

[Event "World Team-ch Women 2019"]
[Site "Astana"]
[Date "2019.03.09"]
[Round "5.14"]
[White "Wafa, Shrook"]
[Black "Padmini, Rout"]
[Result "0-1"]
[ECO "C67"]
[WhiteElo "2166"]
[BlackElo "2332"]
[Annotator "NA"]
[PlyCount "106"]
[EventDate "2019.02.05"]
[EventType "team-tourn"]
[EventCountry "KAZ"]
[SourceTitle "playchess.com"]
[Source "ChessBase"]
[SourceQuality "1"]
[WhiteTeam "Egypt"]
[BlackTeam "India"]
[WhiteTeamCountry "EGY"]
[BlackTeamCountry "IND"]
[TimeControl "40/5400+30:1800+30"]

1. e4 e5 2. Nf3 Nc6 3. Bb5 Nf6 4. O-O Nxe4 5. d4 Nd6 6. Bxc6 dxc6 7. dxe5 Nf5 8. Qxd8+ Kxd8 9. Nc3 Bd7 10. Bf4 {[%emt 0:03:24] C67: Ruy Lopez: Berlin Defence: 4 0-0 Nxe4} (10. h3 h6 11. b3 b6 12. Bb2 Kc8 13. Rfd1 c5 14. Nd5 a5 15. a4 Ne7 16. c4 Bf5 17. Ne3 Be6 18. Rd2 Kb7 19. Rad1 {0-1 (43) Zhigalko,S (2648)-Cheparinov,I (2703) Kocaeli 2017}) 10... h6 11. Rad1 Kc8 12. Ne4 b6 13. c4 Be6 $146 ({Predecessor:} 13... c5 14. h3 Ne7 15. Bd2 Be6 16. b3 Ng6 17. Rfe1 a5 {½-½ (27) Melia,S (2318)-Karavade,E (2348) Istanbul 2005}) 14. b3 Kb7 15. h3 c5 16. g4 Ne7 17. Kg2 Nc6 18. Bc1 Be7 19. Bb2 Rhd8 20. Ng3 Nb4 21. a4 Nd3 22. Bc3 Nf4+ 23. Kh2 a6 24. Nf5 Bf8 25. Rd2 b5 26. Rfd1 Rxd2 27. Bxd2 $17 Rd8 28. Nd6+ cxd6 29. Bxf4 d5 30. axb5 axb5 31. cxb5 Ra8 32. b4 c4 33. Rb1 Ra4 34. Bd2 g5 35. Kg2 Bd7 36. Nd4 Ra3 37. Be3 Bg7 38. Nc6 Bxc6 39. bxc6+ Kxc6 40. b5+ Kd7 41. b6 Bxe5 42. Rb5 Kc6 43. Rc5+ Kd6 44. Rc7 Rb3 45. Bc5+ Ke6 46. Re7+ Kf6 47. Rc7 c3 48. Rc6+ Kg7 49. Rc8 d4 50. Bf8+ Kh7 51. Rc6 d3 52. Rxh6+ Kg8 53. Bd6 Bg7 0-1

[Event "World Team-ch Women 2019"]
[Site "Astana"]
[Date "2019.03.09"]
[Round "5.15"]
[White "Tania, Sachdev"]
[Black "Elansary, Eman"]
[Result "1-0"]
[ECO "D16"]
[WhiteElo "2400"]
[BlackElo "1944"]
[Annotator "NA"]
[PlyCount "103"]
[EventDate "2019.02.05"]
[EventType "team-tourn"]
[EventCountry "KAZ"]
[SourceTitle "playchess.com"]
[Source "ChessBase"]
[SourceQuality "1"]
[WhiteTeam "India"]
[BlackTeam "Egypt"]
[WhiteTeamCountry "IND"]
[BlackTeamCountry "EGY"]
[TimeControl "40/5400+30:1800+30"]

1. d4 Nf6 2. c4 c6 3. Nf3 d5 4. Nc3 dxc4 5. a4 Qa5 6. Bd2 Na6 7. e4 Bg4 8. Bxc4 e6 9. O-O Bb4 10. h3 Bh5 11. e5 $14 Nd5 12. Nxd5 Bxd2 13. Qxd2 Qxd2 14. Nf6+ gxf6 15. Nxd2 fxe5 16. Ne4 O-O-O 17. Bxa6 bxa6 18. dxe5 Rd5 19. Rfe1 Bg6 20. Rac1 Bxe4 21. Rxe4 Kd7 22. Rb4 Rc8 23. Rf4 Ke7 24. Rfc4 c5 25. f4 a5 26. R1c2 h5 27. Kf2 Kd7 28. Kg3 Ke7 29. Kh4 f6 30. Kxh5 fxe5 31. fxe5 Rxe5+ 32. Kg4 Rg8+ 33. Kf3 Rf5+ 34. Rf4 Rd5 35. Kf2 Rgd8 36. Rfc4 Rf5+ 37. Ke3 Rdd5 38. g4 Rfe5+ 39. Re4 Rg5 40. h4 Rg8 41. h5 Rh8 42. Kf4 Rf8+ 43. Kg3 Rd4 44. Rce2 Rxe4 45. Rxe4 Kd6 46. h6 Kd5 47. Rf4 Re8 48. g5 e5 49. Rh4 Ke6 50. g6 Kf6 51. Rg4 e4 52. g7 1-0

[Event "World Team-ch Women 2019"]
[Site "Astana"]
[Date "2019.03.09"]
[Round "5.16"]
[White "Ehab, Tasneem"]
[Black "Kulkarni Bhakti"]
[Result "0-1"]
[ECO "A45"]
[WhiteElo "1841"]
[BlackElo "2322"]
[Annotator "NA"]
[PlyCount "126"]
[EventDate "2019.02.05"]
[EventType "team-tourn"]
[EventCountry "KAZ"]
[SourceTitle "playchess.com"]
[Source "ChessBase"]
[SourceQuality "1"]
[WhiteTeam "Egypt"]
[BlackTeam "India"]
[WhiteTeamCountry "EGY"]
[BlackTeamCountry "IND"]
[TimeControl "40/5400+30:1800+30"]

1. d4 Nf6 2. Bf4 e6 3. e3 d5 4. Nf3 Bd6 5. Bg3 O-O 6. Bd3 b6 7. a4 $146 {[%emt 0:01:12] D02: 1 d4 d5 2 Nf3 sidelines, including 2...Nf6 3 g3 and 2...Nf6 3 Bf4} ({Predecessor:} 7. Nbd2 Bb7 8. Bh4 Nbd7 9. O-O c5 10. c3 Qb8 11. Qb1 a5 12. Re1 h6 13. a4 Bc6 14. Bg3 Bxg3 15. hxg3 {½-½ (87) Demidov,M (2520)-Van Foreest,J (2614) St Petersburg 2018}) 7... c5 8. c3 Qc7 9. Bxd6 Qxd6 10. Ne5 Ba6 11. O-O Bxd3 12. Qxd3 Nc6 13. f4 Ne4 14. Nd2 Nxd2 15. Qxd2 Na5 16. Qc2 f6 17. Ng4 Rac8 18. Rf3 Nc6 19. Qd3 Rc7 20. Rh3 f5 21. Ne5 Nxe5 22. fxe5 Qd7 23. Qc2 g6 24. Rf3 Rfc8 25. h4 Qe7 26. Qf2 cxd4 27. exd4 Rc4 28. Qg3 Kg7 29. h5 g5 30. Qf2 {[%emt 0:10:31] [#]} g4 $1 31. Rf4 $17 Qg5 32. g3 Qxh5 33. Qg2 Qe8 34. Qf2 R8c7 35. Kg2 Kg8 36. Qc2 h5 37. Qb3 Rh7 38. Qb5 Qc6 39. Rc1 h4 40. gxh4 Rxh4 41. Rh1 Rxh1 42. Kxh1 Qxb5 43. axb5 Kg7 44. Rf2 Kg6 45. Kg2 Kg5 46. Rc2 Kf4 47. b3 Rc7 48. c4 Ke3 49. Kg3 Kxd4 50. Kf4 dxc4 51. Rd2+ Kc3 52. Rd6 Kxb3 53. Rc6 Re7 54. Kg5 g3 55. Kf6 Re8 56. Kf7 g2 57. Kxe8 g1=Q 58. Rxe6 c3 59. Rc6 c2 60. e6 c1=Q 61. Rxc1 Qxc1 62. e7 f4 63. Kf7 Qe3 0-1

[Event "World Team-ch Women 2019"]
[Site "Astana"]
[Date "2019.03.09"]
[Round "5.17"]
[White "Abrahamyan, Tatev"]
[Black "Danielian, Elina"]
[Result "1-0"]
[ECO "C01"]
[WhiteElo "2377"]
[BlackElo "2402"]
[Annotator "NA"]
[PlyCount "59"]
[EventDate "2019.02.05"]
[EventType "team-tourn"]
[EventCountry "KAZ"]
[SourceTitle "playchess.com"]
[Source "ChessBase"]
[SourceQuality "1"]
[WhiteTeam "United States"]
[BlackTeam "Armenia"]
[WhiteTeamCountry "USA"]
[BlackTeamCountry "ARM"]
[TimeControl "40/5400+30:1800+30"]

1. e4 e6 2. d4 d5 3. Nc3 Nf6 4. exd5 exd5 5. Bg5 Be7 6. Qd2 c6 7. O-O-O Nbd7 8. Re1 O-O 9. h4 Re8 10. Bd3 b5 11. Nf3 b4 12. Na4 Qa5 13. b3 Bb7 {[%emt 0:00:23] [#]} 14. Ne5 $16 Bf8 15. Nxd7 Nxd7 16. Qf4 Rxe1+ 17. Rxe1 Ba6 18. Bxh7+ Kxh7 19. Qf5+ Kg8 20. Qxd7 Bb5 21. Qb7 Rd8 22. Bxd8 Qxd8 23. Qxa7 Qxh4 24. Re8 Bxa4 25. bxa4 Qxf2 26. Qc5 Kh7 27. Rxf8 Qe3+ 28. Kb1 Qe1+ 29. Kb2 f6 30. a5 1-0

[Event "World Team-ch Women 2019"]
[Site "Astana"]
[Date "2019.03.09"]
[Round "5.18"]
[White "Mkrtchian, Lilit"]
[Black "Nemcova, Katerina"]
[Result "0-1"]
[ECO "D20"]
[WhiteElo "2390"]
[BlackElo "2315"]
[Annotator "NA"]
[PlyCount "84"]
[EventDate "2019.02.05"]
[EventType "team-tourn"]
[EventCountry "KAZ"]
[SourceTitle "playchess.com"]
[Source "ChessBase"]
[SourceQuality "1"]
[WhiteTeam "Armenia"]
[BlackTeam "United States"]
[WhiteTeamCountry "ARM"]
[BlackTeamCountry "USA"]
[TimeControl "40/5400+30:1800+30"]

1. d4 d5 2. c4 dxc4 3. e4 Nf6 4. e5 Nd5 5. Bxc4 Bf5 6. Ne2 e6 7. O-O Nb6 8. Bb3 Nc6 9. Nbc3 Be7 10. a3 Qd7 11. Be3 Rd8 12. Rc1 O-O 13. Ba2 Qc8 14. Ng3 Nxe5 15. Nxf5 exf5 16. Nb5 $17 ({White should play} 16. Qc2 $15 Ng6 17. Bb1) 16... c6 17. Nxa7 Qa8 18. Qb3 Ned7 19. d5 Nxd5 20. Nb5 Nxe3 21. Qxe3 Bc5 22. Rxc5 Nxc5 23. Qxc5 cxb5 24. Qxb5 Qc8 25. h3 Rfe8 26. a4 g6 27. Bc4 Re4 28. b3 Qc7 29. Rc1 Qe7 30. Bf1 Rb4 31. Qa5 b6 32. Rc7 bxa5 33. Rxe7 Rd1 34. g3 Rxb3 35. Kg2 Rb4 36. Bb5 Rd2 37. Ra7 Rbb2 38. Kf3 Rxf2+ 39. Ke3 Rg2 40. Kf3 Rgc2 41. Rxa5 Rc3+ 42. Kf4 f6 {[%emt 0:00:12] Ke5} 0-1

[Event "World Team-ch Women 2019"]
[Site "Astana"]
[Date "2019.03.09"]
[Round "5.19"]
[White "Yip, Carissa"]
[Black "Sargsyan, Anna M."]
[Result "1-0"]
[ECO "B18"]
[WhiteElo "2279"]
[BlackElo "2340"]
[Annotator "NA"]
[PlyCount "109"]
[EventDate "2019.02.05"]
[EventType "team-tourn"]
[EventCountry "KAZ"]
[SourceTitle "playchess.com"]
[Source "ChessBase"]
[SourceQuality "1"]
[WhiteTeam "United States"]
[BlackTeam "Armenia"]
[WhiteTeamCountry "USA"]
[BlackTeamCountry "ARM"]
[TimeControl "40/5400+30:1800+30"]

1. e4 c6 2. d4 d5 3. Nc3 dxe4 4. Nxe4 Bf5 5. Ng3 Bg6 6. f4 e6 7. Nf3 Nf6 8. Bd3 c5 9. O-O Bxd3 10. Qxd3 Nc6 11. Be3 Ng4 12. f5 Nxe3 13. Qxe3 cxd4 14. Qe4 Be7 15. fxe6 O-O 16. Rad1 $11 Qb6 17. Kh1 Bf6 18. exf7+ Rxf7 19. Ng5 Bxg5 20. Rxf7 Kxf7 21. Qd5+ Kf8 22. Qxg5 Qd8 23. Qb5 Qd7 24. Qc4 g6 25. Ne4 Kg7 26. Nc5 Qf7 27. Ne6+ Kg8 28. Rf1 Ne5 29. Rxf7 Nxc4 30. Rg7+ Kh8 31. Re7 Nxb2 32. h3 d3 33. cxd3 Nxd3 34. Ng5 h6 35. Rh7+ Kg8 36. Rxh6 Kg7 37. Rh7+ Kf6 38. Ne4+ Ke5 39. Re7+ Kd5 40. Nf6+ Kc6 41. Re6+ Kc5 42. Nd7+ Kc4 43. Rxg6 b5 44. h4 Rh8 45. g3 a5 46. Rc6+ Kd4 47. Rd6+ Kc3 48. Rd5 Rh7 49. Ne5 Nxe5 50. Rxe5 Kc4 51. h5 a4 52. g4 b4 53. Kg2 b3 54. axb3+ axb3 55. Kg3 {[%emt 0:01:36] Kd5} 1-0

[Event "World Team-ch Women 2019"]
[Site "Astana"]
[Date "2019.03.09"]
[Round "5.20"]
[White "Gevorgyan, Maria"]
[Black "Foisor, Sabina-Francesca"]
[Result "1-0"]
[ECO "B23"]
[WhiteElo "2264"]
[BlackElo "2276"]
[Annotator "NA"]
[PlyCount "85"]
[EventDate "2019.02.05"]
[EventType "team-tourn"]
[EventCountry "KAZ"]
[SourceTitle "playchess.com"]
[Source "ChessBase"]
[SourceQuality "1"]
[WhiteTeam "Armenia"]
[BlackTeam "United States"]
[WhiteTeamCountry "ARM"]
[BlackTeamCountry "USA"]
[TimeControl "40/5400+30:1800+30"]

1. e4 c5 2. Nc3 e6 3. f4 d5 4. Bb5+ Bd7 5. exd5 Bxb5 6. Nxb5 a6 7. Nc3 exd5 8. Nf3 Nf6 9. O-O Be7 10. d3 Nc6 11. Ne2 d4 12. Ng3 O-O 13. Ng5 $15 Qd7 14. f5 Nb4 15. Bd2 Nbd5 16. Qf3 b5 17. Rae1 c4 18. N5e4 Rac8 19. Nxf6+ Bxf6 20. Nh5 Rc6 21. Re4 c3 22. bxc3 dxc3 23. Bc1 Bd8 24. Ba3 b4 25. Bxb4 Nxb4 26. Rxb4 Rh6 27. Qg4 g6 28. Nf4 Rh4 29. Qe2 Qxf5 30. Re4 Bb6+ 31. Kh1 Qg5 32. Qf3 Qh6 33. h3 g5 34. Nd5 Bd4 35. Ne7+ Kh8 36. Nf5 Qb6 37. Nxd4 Rh6 38. Qf5 Rg6 39. Qd5 f6 40. Rfe1 Rgg8 41. Re7 Rg7 42. Rxg7 Kxg7 43. Ne6+ 1-0